 Dungeon Crawl Stone Soup version 0.21-a0-426-g98080a9 (webtiles) character file.

146 GoodRolls the Conjurer (level 5, -8/28 HPs)
             Began as a Tengu Fire Elementalist on Nov 7, 2017.
             Was an Initiate of Vehumet.
             Mangled by chocalatepudding's ghost (18 damage)
             ... on level 4 of the Dungeon.
             The game lasted 00:07:24 (3009 turns).

GoodRolls the Conjurer (Tengu Fire Elementalist)    Turns: 3009, Time: 00:07:25

Health: -8/28      AC:  2    Str:  8    XL:     5   Next: 28%
Magic:  11/11      EV: 13    Int: 15    God:    Vehumet [......]
Gold:   222        SH:  0    Dex: 16    Spells: 5/11 levels left

rFire    + . .     SeeInvis .   v - +5 spear (flame)
rCold    + . .     Gourm    .   (no shield)
rNeg     + . .     Faith    .   a - +0 robe
rPois    .         Spirit   .   (helmet restricted)
rElec    .         Reflect  .   p - scarf {rC+ rF+}
rCorr    .         Harm     .   (no gloves)
MR       .....                  (boots unavailable)
Stlth    ++........             (no amulet)
HPRegen  0.09/turn              l - ring of positive energy
MPRegen  0.12/turn              (no ring)

@: no status effects
A: beak, talons 3, able to fly 1
a: Fly, Renounce Religion


You were on level 4 of the Dungeon.
You worshipped Vehumet.
Vehumet was noncommittal.
You were hungry.

You visited 1 branch of the dungeon, and saw 4 of its levels.

You collected 222 gold pieces.

Inventory:

Hand Weapons
 v - a +5 spear of flaming (weapon)
Armour
 a - a +0 robe (worn)
 p - a scarf of resistance (worn)
Jewellery
 l - a ring of positive energy (left hand)
Scrolls
 d - a scroll of remove curse
 e - 2 scrolls of identify
 h - a scroll of recharging
 k - a scroll of teleportation
 n - a scroll of fog
Potions
 f - a potion of flight
 g - a potion of curing
 i - 2 potions of heal wounds
 m - a potion of agility
 s - 2 potions of brilliance
 t - a potion of lignification
Books
 b - a book of Flames

   Spells                             Type                      Level
   a - Flame Tongue                   Conjuration/Fire             1
   b - Throw Flame                    Conjuration/Fire             2
   c - Conjure Flame                  Conjuration/Fire             3
   d - Inner Flame                    Hexes/Fire                   3
   e - Sticky Flame                   Conjuration/Fire             4
   f - Fireball                       Conjuration/Fire             5
Comestibles
 c - 2 bread rations
 j - a royal jelly
 u - a meat ration


   Skills:
 - Level 2.1 Dodging
 - Level 2.0 Stealth
 + Level 3.5 Spellcasting
 - Level 5.0 Conjurations
 - Level 3.2 Fire Magic


You had 5 spell levels left.
You knew the following spells:

 Your Spells              Type           Power        Failure   Level  Hunger
a - Flame Tongue          Conj/Fire      ###..        3%          1    None
b - Throw Flame           Conj/Fire      ###...       5%          2    ##.....
c - Conjure Flame         Conj/Fire      ###.....     11%         3    ###....


Dungeon Overview and Level Annotations

Branches:
Dungeon (4/15)
 Temple: D:4-7

Altars:
Cheibriados
Gozag
Hepliaklqana
Nemelex Xobeh
Sif Muna
Trog
Uskayaw
Vehumet
The Shining One

Annotations:
D:4 chocalatepudding's ghost, amateur MiFi


Innate Abilities, Weirdness & Mutations

You have a beak for a mouth.
You have claws for feet.
You can fly.


Message History

A frilled lizard is nearby!
A frilled lizard is nearby!
A frilled lizard is nearby!
Chocalatepudding's ghost (amateur Minotaur Fighter) comes into view.
Chocalatepudding's ghost turns its malevolent gaze towards you.
You barely miss the frilled lizard. The frilled lizard barely misses you.
You closely miss the frilled lizard. You claw the frilled lizard.
Your peck misses the frilled lizard.
The frilled lizard is moderately wounded.
The frilled lizard bites you.
You puncture the frilled lizard! You burn the frilled lizard.
You kill the frilled lizard!
Vehumet accepts your kill.
You hit chocalatepudding's ghost but do no damage.
Chocalatepudding's ghost hits you!
Ouch! That really hurt!
There is a stone staircase leading up here.
Chocalatepudding's ghost hits you!!
Ouch! That really hurt!
You die...

#####
#...######
#.@.......
#W..######
........###
#.#######


You could see chocalatepudding's ghost.

Vanquished Creatures
  3 orc wizards (D:3)
  2 adders (D:3)
  An ooze (D:1)
  3 leopard geckos
  An orc (D:3)
  4 giant cockroaches
  12 goblins
  10 hobgoblins
  2 ball pythons
  4 bats
  6 frilled lizards
  2 kobolds
  3 rats (D:3)
53 creatures vanquished.

Notes
Turn   | Place    | Note
-------+----------+-------------------------------------------
     0 | D:1      | GoodRolls the Tengu Fire Elementalist began the quest for the Orb.
     0 | D:1      | Reached XP level 1. HP: 10/10 MP: 4/4
   193 | D:1      | Reached skill level 2 in Conjurations
   285 | D:1      | Reached XP level 2. HP: 15/15 MP: 4/6
   290 | D:1      | Learned a level 2 spell: Throw Flame
   295 | D:1      | Reached skill level 3 in Conjurations
   524 | D:1      | Found a glowing golden altar of the Shining One.
   833 | D:1      | Reached XP level 3. HP: 19/19 MP: 4/7
   839 | D:1      | Learned a level 3 spell: Conjure Flame
  1028 | D:2      | Reached skill level 4 in Conjurations
  2227 | D:3      | Reached skill level 5 in Conjurations
  2227 | D:3      | Reached XP level 4. HP: 24/24 MP: 8/8
  2351 | D:3      | Found a sparkling altar of Nemelex Xobeh.
  2351 | D:3      | Found an opulent altar of Gozag.
  2352 | D:3      | Found a hazy altar of Hepliaklqana.
  2390 | D:3      | Found a deep blue altar of Sif Muna.
  2393 | D:3      | Found a radiant altar of Vehumet.
  2401 | D:3      | Became a worshipper of Vehumet
  2407 | D:3      | Found a glowing golden altar of the Shining One.
  2421 | D:3      | Found a hide-covered altar of Uskayaw.
  2597 | D:3      | Gained mutation: You can fly. [Tengu growth]
  2597 | D:3      | Reached XP level 5. HP: 12/28 MP: 0/11
  2944 | D:3      | Found a bloodstained altar of Trog.
  2952 | D:3      | Found a snail-covered altar of Cheibriados.
  3003 | D:4      | Noticed chocalatepudding's ghost (amateur MiFi)
  3009 | D:4      | Mangled by chocalatepudding's ghost

Vault maps used:
D:1:      dpeg_arrival_rooms_b, minmay_misc_feat_plants, minivault_4,
          nrook_mini_backslash, hangedman_decor_clover_reticule, tso_metal_star
D:2:      first_bread, minmay_tree_intersection, bh_walls_and_bars
D:3:      grunt_temple_overflow_cloverleaf, minitemple,
          gammafunk_temple_overflow_forgotten

Skill      XL: |  1  2  3  4 |
---------------+-------------+-----
Conjurations   | 2 3 5 |  5.0
Spellcasting   | 3 |  3.5
Dodging        | |  2.1
Stealth        | |  2.0
Fire Magic     | |  3.2

Action                   |  1- 3 |  4- 6 || total
-------------------------+-------+-------++-------
Melee: Unarmed           |     4 |       ||     4
       Spear             |    12 |    36 ||    48
       Kick              |     1 |     2 ||     3
       Peck              |       |     1 ||     1
 Cast: Flame Tongue      |    44 |     8 ||    52
       Throw Flame       |     7 |     1 ||     8
       Conjure Flame     |       |     1 ||     1
  Use: Scroll            |    14 |     2 ||    16
       Potion            |       |     3 ||     3
 Stab: Sleeping          |     2 |     4 ||     6
  Eat: Chunk             |     4 |     3 ||     7
Armor: Robe              |     6 |     2 ||     8
Dodge: Dodged            |    20 |     8 ||    28

Table legend:
 A = Spawn XP
 B = Non-spawn XP
 C = Spawn XP percentage of total XP
 D = Spawn monster count
 E = Non-spawn monster count
 F = Spawn count percentage of total count
 G = Total turns spent on level
                    A         B        C        D         E        F      G
               +---------+---------+-------+---------+---------+-------+---------
         Total |       0 |     209 |   0.0 |       0 |      53 |   0.0 |  3009
               +---------+---------+-------+---------+---------+-------+---------
           D:1 |       0 |      34 |   0.0 |       0 |      16 |   0.0 |   977
           D:2 |       0 |      22 |   0.0 |       0 |      14 |   0.0 |   977
           D:3 |       0 |     152 |   0.0 |       0 |      22 |   0.0 |  1048
           D:4 |       0 |       1 |   0.0 |       0 |       1 |   0.0 |     7
               +---------+---------+-------+---------+---------+-------+---------
